WCHLSIM.com - West Coast Hockey League
html PUBLIC "-//W3C//DTD XHTML 1.0 Transitional//EN" "http://www.w3.org/TR/xhtml1/DTD/xhtml1-transitional.dtd"> WCHL - Game 98 - SALEM BLACK JAYS vs LAS VEGAS LIZARD KINGS

SALEM BLACK JAYS vs LAS VEGAS LIZARD KINGS

Created - 27 octobre 2021 at 20:55

Goals
1 2 3 T
SALEM BLACK JAYS 1 1 1 3
LAS VEGAS LIZARD KINGS 1 0 0 1
Shots
1 2 3 T
SALEM BLACK JAYS 9 12 5 26
LAS VEGAS LIZARD KINGS 9 11 6 26

1st period

1. SALEM BLACK JAYS , Mitchell Marner 5 (Martin Necas 7, Theodor Blueger 1) at 1:14
2. LAS VEGAS LIZARD KINGS , Nino Niederreiter 5 (Ryan Nugent-Hopkins 7) at 6:54

Penalties :
Ben Hutton (SAL) for Elbowing (Minor) at 14:15

2nd period

3. SALEM BLACK JAYS , Filip Chytil 1 (Casey Cizikas 1, Andy Greene 2) at 16:45

Penalties :
Ryan Nugent-Hopkins (LVG) for Interference (Minor) at 1:45, Nick Jensen (SAL) for Hooking (Minor) at 1:45, Mitchell Marner (SAL) for Hooking (Minor) at 12:04, Olli Maatta (LVG) for Roughing (Minor) at 14:20

3rd period

4. SALEM BLACK JAYS , Mitchell Marner 6 (Theodor Blueger 2, Andy Greene 3) at 8:24

Penalties :
Ben Hutton (SAL) for Cross-checking (Minor) at 4:25, Matthew Nieto (LVG) for Attempt to injure (Major / Game Misconduct) at 8:56, Brayden McNabb (LVG) for Tripping (Minor) at 14:13

Goalie Stats

Juuse Saros (SAL), 25 saves from 26 shots - (0,962), W, 3-4-0, 60:00 minutes
Marc-Andre Fleury (LVG), 23 saves from 26 shots - (0,885), L, 4-2-0, 60:00 minutes

Players Stats for SALEM BLACK JAYS

Player Name              G  A  P  +/- PIM S  H  SB GA TA FO     MP     PP MP  PK MP  
------------------------------------------------------------------------------------
Andreas Athanasiou       0  0  0   0  0   1  0  0  0  0  0/0    13:52   4:31   1:53 
Andy Greene              0  2  2   2  0   0  0  2  0  0  0/0    16:00   0:34   2:50 
Ben Hutton               0  0  0   2  4   1  1  1  0  0  0/0    16:32   1:42   1:04 
Casey Cizikas            0  1  1   1  0   2  0  0  0  0  5/8     6:34   0:00   0:00 
Cody Ceci                0  0  0   0  0   0  0  0  0  0  0/0    21:22   4:31   2:45 
Dylan Cozens             0  0  0   0  0   2  0  0  0  0  4/7     8:36   1:08   0:00 
Filip Chytil             1  0  1   1  0   2  0  0  0  0  0/0     7:08   0:34   0:00 
Joshua Morrissey         0  0  0   0  0   0  3  0  0  0  0/0    23:31   3:18   1:49 
Martin Necas             0  1  1   1  0   3  1  0  0  0  15/26  19:47   4:40   0:00 
Mathew Barzal            0  0  0   0  0   2  1  0  0  0  10/24  19:40   3:43   0:00 
Matthew Calvert          0  0  0   1  0   0  1  0  0  0  0/2    10:02   0:00   3:28 
Maxime Comtois           0  0  0   0  0   1  3  0  0  0  0/2    17:57   3:18   0:00 
Mikko Rantanen           0  0  0   0  0   4  1  0  0  0  0/0    20:37   4:40   0:00 
Mitchell Marner          2  0  2   1  2   6  0  0  0  0  0/0    20:21   3:43   1:32 
Nick Jensen              0  0  0   0  2   0  1  1  0  0  0/0    20:31   4:31   3:07 
Scott Mayfield           0  0  0   0  0   1  1  0  0  0  0/0    21:27   2:44   0:19 
Theodor Blueger          0  2  2   1  0   0  0  0  0  0  2/3    18:06   1:08   2:32 
Troy Terry               0  0  0   0  0   1  1  0  0  0  0/1     9:57   0:00   2:29 

Players Stats for LAS VEGAS LIZARD KINGS

Player Name              G  A  P  +/- PIM S  H  SB GA TA FO     MP     PP MP  PK MP  
------------------------------------------------------------------------------------
Barclay Goodrow          0  0  0   0  0   2  4  1  0  0  0/1    15:07   0:00   4:14 
Brandon Hagel            0  0  0  -2  0   2  1  0  0  0  2/3    17:50   2:02   1:53 
Brayden McNabb           0  0  0   0  2   1  2  0  0  0  0/0    21:31   1:43   2:23 
Derek Ryan               0  0  0   0  0   2  0  0  0  0  8/17   14:44   0:00   3:51 
Dylan Gambrell           0  0  0   0  0   4  0  0  0  0  0/1    12:35   0:00   1:42 
Evan Rodrigues           0  0  0  -1  0   2  0  0  0  0  0/0     4:11   0:00   0:00 
John Marino              0  0  0   0  0   0  0  0  0  0  0/0    23:47   4:14   3:52 
Johnny Gaudreau          0  0  0   1  0   3  1  0  0  0  0/1    20:10   3:55   0:00 
Kevan Miller             0  0  0  -2  0   0  1  0  0  0  0/0    16:09   0:00   2:44 
Matt Roy                 0  0  0   0  0   1  0  0  0  0  0/0    19:32   1:43   3:23 
Matthew Nieto            0  0  0  -1  15  0  0  0  0  0  0/0     2:46   0:00   0:00 
Mikhail Grigorenko       0  0  0  -1  0   1  0  0  0  0  2/6     4:11   0:00   0:00 
Nick Leddy               0  0  0   0  0   0  4  0  0  0  0/0    23:03   3:45   3:36 
Nino Niederreiter        1  0  1   1  0   1  1  0  0  0  0/0    22:06   3:55   3:01 
Olli Maatta              0  0  0  -2  2   0  0  0  0  0  0/0    15:45   0:29   1:45 
Ryan Nugent-Hopkins      0  1  1   1  2   5  0  1  0  0  13/25  19:19   3:55   0:00 
Sean Monahan             0  0  0  -2  0   2  0  0  0  0  12/19  20:52   2:02   3:24 
Victor Olofsson          0  0  0  -2  0   0  1  0  0  0  0/0    15:22   2:02   0:00 

3 Stars

1 - Mitchell Marner (SAL)
2 - Andy Greene (SAL)
3 - Juuse Saros (SAL)

Power Play

SALEM BLACK JAYS - 0 on 3 Attempt(s) - 0,00%
LAS VEGAS LIZARD KINGS - 0 on 3 Attempt(s) - 0,00%

Penalty Kill

SALEM BLACK JAYS - 3 on 3 Attempt(s) - 100,00% - Score 0 goal in Penalty Kill
LAS VEGAS LIZARD KINGS - 3 on 3 Attempt(s) - 100,00% - Score 0 goal in Penalty Kill

Team Stat

SALEM BLACK JAYS - Hits : 14 - Faceoff Wins : 36 - Blocked Shots : 4 - Penalty Minutes : 8
LAS VEGAS LIZARD KINGS - Hits : 15 - Faceoff Wins : 37 - Blocked Shots : 2 - Penalty Minutes : 21

Official

Referees : Beaudry Halkidis and Tim Peel
Linesman : Brian Mach and Steve Barton

Game Notes

Matthew Nieto ejected from game at 8:56 of 3rd period

Finance

Level 1 -- Attendance: 4495 (71,69%) -- Ticket Income 988 900 $
Level 2 -- Attendance: 4123 (77,50%) -- Ticket Income 618 450 $
Level 3 -- Attendance: 1592 (76,17%) -- Ticket Income 206 960 $
Level 4 -- Attendance: 2962 (68,56%) -- Ticket Income 296 200 $
Luxury Box -- Attendance: 826 (82,60%) -- Ticket Income 330 400 $
Game was played at the Casino Square Garden.
Total Attendance: 13998 (73,67%)
Total Ticket Income: 2 440 910 $
Other Expense: 24 409 $
Total Income: 2 416 501 $

SALEM BLACK JAYS

5 vs 5 Forward 
   Center                   Left Wing                Right Wing               Time % Phy DF OF 
 1 Mathew Barzal            Maxime Comtois           Mikko Rantanen           40     1   1  3  
 2 Martin Necas             Theodor Blueger          Mitchell Marner          40     1   1  3  
 3 Dylan Cozens             Andreas Athanasiou       Troy Terry               15     1   2  2  
 4 Casey Cizikas            Matthew Calvert          Filip Chytil             5      1   2  2  

5 vs 5 Defense 
   Defense                  Defense                                           Time % Phy DF OF 
 1 Joshua Morrissey         Scott Mayfield                                    40     1   1  3  
 2 Nick Jensen              Cody Ceci                                         35     1   2  2  
 3 Ben Hutton               Andy Greene                                       25     1   2  2  
 4 Andy Greene              Cody Ceci                                         0      1   2  2  

PowerPlay Forward 
   Center                   Left Wing                Right Wing               Time % Phy DF OF 
 1 Mathew Barzal            Maxime Comtois           Mitchell Marner          60     1   0  4  
 2 Martin Necas             Andreas Athanasiou       Mikko Rantanen           40     1   0  4  

PowerPlay Defense
   Defense                  Defense                                           Time % Phy DF OF 
 1 Joshua Morrissey         Scott Mayfield                                    60     1   0  4  
 2 Cody Ceci                Nick Jensen                                       40     1   0  4  

Penalty Kill 4 Players Forward 
   Center                   Wing                     Time % Phy DF OF 
 1 Theodor Blueger          Matthew Calvert          55     1   4  0  
 2 Mitchell Marner          Troy Terry               45     1   4  0  

Penalty Kill 4 Players Defense
   Defense                  Defense                  Time % Phy DF OF 
 1 Andy Greene              Cody Ceci                55     1   4  0  
 2 Ben Hutton               Nick Jensen              45     1   4  0  

Penalty Kill - 3 Players Forward 
   Forward                                           Time % Phy DF OF 
 1 Theodor Blueger                                   55     1   4  0  
 2 Troy Terry                                        45     1   4  0  

Penalty Kill - 3 Players Defense
   Defense                  Defense                  Time % Phy DF OF 
 1 Andy Greene              Cody Ceci                55     1   4  0  
 2 Ben Hutton               Nick Jensen              45     1   4  0  

4 vs 4 Forward 
   Center                   Wing                     Time % Phy DF OF 
 1 Mathew Barzal            Mikko Rantanen           55     1   2  2  
 2 Martin Necas             Mitchell Marner          45     1   2  2  

4 vs 4 Defense
   Defense                  Defense                  Time % Phy DF OF 
 1 Joshua Morrissey         Scott Mayfield           55     1   2  2  
 2 Cody Ceci                Nick Jensen              45     1   2  2  

Last Minutes Offensive
   Center                   Left Wing                Right Wing               Defense                  Defense                  
   Mathew Barzal            Maxime Comtois           Mitchell Marner          Joshua Morrissey         Scott Mayfield           

Last Minutes Defensive
   Center                   Left Wing                Right Wing               Defense                  Defense                  
   Mathew Barzal            Maxime Comtois           Mitchell Marner          Joshua Morrissey         Scott Mayfield           

Goaltenders
Starting : Juuse Saros              
Backup : Kasimir Kaskisuo         

Extra Forwards
Normal : Mathew Barzal, Martin Necas, Filip Chytil - PP : Theodor Blueger, Filip Chytil - PK : Matthew Calvert
Extra Defensemen
Normal : Cody Ceci, Scott Mayfield, Nick Jensen - PP : Ben Hutton - PK : Joshua Morrissey, Scott Mayfield
Penalty Shots
Mitchell Marner, Mikko Rantanen, Mathew Barzal, Martin Necas, Maxime Comtois
Custom OT Lines Forwards
Mathew Barzal, Mikko Rantanen, Mitchell Marner, Martin Necas, Maxime Comtois, Matthew Calvert, Troy Terry, Theodor Blueger, Filip Chytil, Andreas Athanasiou
Custom OT Lines Defensemen
Joshua Morrissey, Scott Mayfield, Cody Ceci, Andy Greene, Nick Jensen

Scratches
Dylan Larkin (Upper Body Injury)

LAS VEGAS LIZARD KINGS

5 vs 5 Forward 
   Center                   Left Wing                Right Wing               Time % Phy DF OF 
 1 Ryan Nugent-Hopkins      Johnny Gaudreau          Nino Niederreiter        38     0   2  3  
 2 Sean Monahan             Brandon Hagel            Victor Olofsson          28     0   2  3  
 3 Derek Ryan               Barclay Goodrow          Dylan Gambrell           28     0   4  1  
 4 Mikhail Grigorenko       Evan Rodrigues           Matthew Nieto            6      0   4  1  

5 vs 5 Defense 
   Defense                  Defense                                           Time % Phy DF OF 
 1 Brayden McNabb           John Marino                                       45     1   2  2  
 2 Matt Roy                 Nick Leddy                                        35     0   2  3  
 3 Kevan Miller             Olli Maatta                                       20     0   3  2  
 4 Kevan Miller             Olli Maatta                                       0      1   2  2  

PowerPlay Forward 
   Center                   Left Wing                Right Wing               Time % Phy DF OF 
 1 Ryan Nugent-Hopkins      Johnny Gaudreau          Nino Niederreiter        80     0   0  5  
 2 Sean Monahan             Brandon Hagel            Victor Olofsson          20     0   1  4  

PowerPlay Defense
   Defense                  Defense                                           Time % Phy DF OF 
 1 Nick Leddy               John Marino                                       80     0   0  5  
 2 Matt Roy                 Brayden McNabb                                    20     0   1  4  

Penalty Kill 4 Players Forward 
   Center                   Wing                     Time % Phy DF OF 
 1 Derek Ryan               Barclay Goodrow          70     0   5  0  
 2 Dylan Gambrell           Matthew Nieto            30     0   5  0  

Penalty Kill 4 Players Defense
   Defense                  Defense                  Time % Phy DF OF 
 1 Olli Maatta              Brayden McNabb           50     0   5  0  
 2 Matt Roy                 John Marino              50     0   5  0  

Penalty Kill - 3 Players Forward 
   Forward                                           Time % Phy DF OF 
 1 Derek Ryan                                        55     1   4  0  
 2 Evan Rodrigues                                    45     1   4  0  

Penalty Kill - 3 Players Defense
   Defense                  Defense                  Time % Phy DF OF 
 1 Nick Leddy               Brayden McNabb           55     1   2  2  
 2 Matt Roy                 Olli Maatta              45     1   2  2  

4 vs 4 Forward 
   Center                   Wing                     Time % Phy DF OF 
 1 Ryan Nugent-Hopkins      Johnny Gaudreau          55     0   1  4  
 2 Sean Monahan             Nino Niederreiter        45     0   2  3  

4 vs 4 Defense
   Defense                  Defense                  Time % Phy DF OF 
 1 Brayden McNabb           Nick Leddy               55     1   2  2  
 2 Matt Roy                 John Marino              45     1   2  2  

Last Minutes Offensive
   Center                   Left Wing                Right Wing               Defense                  Defense                  
   Ryan Nugent-Hopkins      Johnny Gaudreau          Nino Niederreiter        John Marino              Nick Leddy               

Last Minutes Defensive
   Center                   Left Wing                Right Wing               Defense                  Defense                  
   Derek Ryan               Barclay Goodrow          Nino Niederreiter        John Marino              Brayden McNabb           

Goaltenders
Starting : Marc-Andre Fleury        
Backup : David Rittich            

Extra Forwards
Normal : Sean Monahan, Ryan Nugent-Hopkins, Brandon Hagel - PP : Nino Niederreiter, Derek Ryan - PK : Derek Ryan
Extra Defensemen
Normal : John Marino, Nick Leddy, Olli Maatta - PP : Brayden McNabb - PK : Nick Leddy, Olli Maatta
Penalty Shots
Johnny Gaudreau, Nino Niederreiter, Ryan Nugent-Hopkins, Victor Olofsson, Sean Monahan
Custom OT Lines Forwards
Ryan Nugent-Hopkins, Johnny Gaudreau, Nino Niederreiter, Sean Monahan, Victor Olofsson, Barclay Goodrow, Brandon Hagel, Derek Ryan, Evan Rodrigues, Mikhail Grigorenko
Custom OT Lines Defensemen
Nick Leddy, Brayden McNabb, John Marino, Matt Roy, Kevan Miller

Scratches
Bobby Ryan (Healthy)

% Time on Ice - SALEM BLACK JAYS

Lines # - Real PCT - Wanted PCT - Time Play
Normal Forward
1 - 34% - 40% - 14:39
2 - 33% - 40% - 14:26
3 - 17% - 15% - 7:28
4 - 15% - 5% - 6:34
Normal Defense
1 - 41% - 40% - 17:37
2 - 30% - 35% - 12:54
3 - 29% - 25% - 12:36
4 - 0% - 0% - 0:00
PP Forward
1 - 48% - 60% - 4:17
2 - 52% - 40% - 4:40
PP Defense
1 - 43% - 60% - 3:52
2 - 57% - 40% - 5:05
PK Forward
1 - 58% - 55% - 3:28
2 - 42% - 45% - 2:29
PK Defense
1 - 46% - 55% - 2:45
2 - 54% - 45% - 3:12
PK3 Forward
1 - 0% - 55%
2 - 0% - 45%
PK3 Defense
1 - 0% - 55%
2 - 0% - 45%
44 Forward
1 - 66% - 55% - 1:18
2 - 34% - 45% - 0:41
44 Defense
1 - 39% - 55% - 0:47
2 - 61% - 45% - 1:12
Last Minute Offensive  - 0:00
Last Minute Defensive  - 0:00
Total
Forward - 60:00
Defense - 60:00

% Time on Ice - LAS VEGAS LIZARD KINGS

Lines # - Real PCT - Wanted PCT - Time Play
Normal Forward
1 - 34% - 38% - 14:43
2 - 31% - 28% - 13:20
3 - 25% - 28% - 10:53
4 - 10% - 6% - 4:11
Normal Defense
1 - 37% - 45% - 16:04
2 - 32% - 35% - 13:49
3 - 29% - 20% - 12:38
4 - 1% - 0% - 0:36
PP Forward
1 - 66% - 80% - 3:55
2 - 34% - 20% - 2:02
PP Defense
1 - 71% - 80% - 4:14
2 - 29% - 20% - 1:43
PK Forward
1 - 100% - 70% - 8:57
2 - 0% - 30% - 0:00
PK Defense
1 - 54% - 50% - 4:50
2 - 46% - 50% - 4:07
PK3 Forward
1 - 0% - 55%
2 - 0% - 45%
PK3 Defense
1 - 0% - 55%
2 - 0% - 45%
44 Forward
1 - 77% - 55% - 1:32
2 - 23% - 45% - 0:27
44 Defense
1 - 69% - 55% - 1:22
2 - 31% - 45% - 0:37
Last Minute Offensive  - 0:00
Last Minute Defensive  - 0:00
Total
Forward - 60:00
Defense - 60:00

Play-by-Play

1st period


0:01 of 1st period - Ryan Nugent-Hopkins wins face-off versus Mathew Barzal in neutral zone.
0:40 of 1st period - Shot by Johnny Gaudreau.
0:40 of 1st period - Stopped by Juuse Saros without a rebound.
0:41 of 1st period - Martin Necas wins face-off versus Sean Monahan in SALEM BLACK JAYS zone.
0:54 of 1st period - Shot by Mitchell Marner.
0:54 of 1st period - Deflect By Martin Necas.
0:54 of 1st period - Shot Hit the Post.
1:14 of 1st period - Shot by Mitchell Marner.
1:14 of 1st period - Goal by Mitchell Marner - SALEM BLACK JAYS : 1 - LAS VEGAS LIZARD KINGS : 0.
1:15 of 1st period - Derek Ryan wins face-off versus Dylan Cozens in neutral zone.
1:47 of 1st period - Shot by Troy Terry.
1:47 of 1st period - Stopped by Marc-Andre Fleury without a rebound.
1:48 of 1st period - Casey Cizikas wins face-off versus Mikhail Grigorenko in LAS VEGAS LIZARD KINGS zone.
2:30 of 1st period - Shot by Casey Cizikas.
2:30 of 1st period - Stopped by Marc-Andre Fleury without a rebound.
2:31 of 1st period - Martin Necas wins face-off versus Ryan Nugent-Hopkins in LAS VEGAS LIZARD KINGS zone.
3:06 of 1st period - Shot by Mitchell Marner.
3:06 of 1st period - Stopped by Marc-Andre Fleury without a rebound.
3:07 of 1st period - Mathew Barzal wins face-off versus Derek Ryan in LAS VEGAS LIZARD KINGS zone.
3:14 of 1st period - Derek Ryan is hit by Maxime Comtois and loses puck.
3:30 of 1st period - Shot by Mathew Barzal.
3:30 of 1st period - Shot Misses the Net.
4:15 of 1st period - Icing by Scott Mayfield.
4:16 of 1st period - Dylan Cozens wins face-off versus Sean Monahan in SALEM BLACK JAYS zone.
4:16 of 1st period - Dylan Cozens is hit by Victor Olofsson.
4:49 of 1st period - Icing by Scott Mayfield.
4:50 of 1st period - Ryan Nugent-Hopkins wins face-off versus Dylan Cozens in SALEM BLACK JAYS zone.
5:12 of 1st period - Icing by Johnny Gaudreau.
5:13 of 1st period - Ryan Nugent-Hopkins wins face-off versus Martin Necas in LAS VEGAS LIZARD KINGS zone.
6:11 of 1st period - Icing by Ben Hutton.
6:12 of 1st period - Derek Ryan wins face-off versus Mathew Barzal in SALEM BLACK JAYS zone.
6:15 of 1st period - Shot by Barclay Goodrow.
6:15 of 1st period - Stopped by Juuse Saros with a rebound.
6:19 of 1st period - Shot by Derek Ryan.
6:19 of 1st period - Stopped by Juuse Saros without a rebound.
6:20 of 1st period - Sean Monahan wins face-off versus Mathew Barzal in SALEM BLACK JAYS zone.
6:52 of 1st period - Shot by Brayden McNabb.
6:52 of 1st period - Stopped by Juuse Saros without a rebound.
6:53 of 1st period - Ryan Nugent-Hopkins wins face-off versus Martin Necas in SALEM BLACK JAYS zone.
6:54 of 1st period - Shot by Nino Niederreiter.
6:54 of 1st period - Goal by Nino Niederreiter - SALEM BLACK JAYS : 1 - LAS VEGAS LIZARD KINGS : 1.
6:55 of 1st period - Ryan Nugent-Hopkins wins face-off versus Martin Necas in neutral zone.
7:24 of 1st period - Shot by Mitchell Marner.
7:24 of 1st period - Shot Misses the Net.
7:26 of 1st period - Shot by Mitchell Marner.
7:26 of 1st period - Stopped by Marc-Andre Fleury without a rebound.
7:27 of 1st period - Derek Ryan wins face-off versus Mathew Barzal in LAS VEGAS LIZARD KINGS zone.
7:27 of 1st period - Derek Ryan is hit by Mathew Barzal.
7:50 of 1st period - Mikko Rantanen is hit by Brayden McNabb and loses puck.
7:56 of 1st period - Derek Ryan is hit by Maxime Comtois and loses puck.
8:32 of 1st period - Icing by Scott Mayfield.
8:33 of 1st period - Martin Necas wins face-off versus Sean Monahan in SALEM BLACK JAYS zone.
8:42 of 1st period - Mitchell Marner is hit by Brandon Hagel and loses puck.
8:56 of 1st period - Brandon Hagel is hit by Joshua Morrissey and loses puck.
9:01 of 1st period - Shot by Victor Olofsson.
9:01 of 1st period - Shot Misses the Net.
9:16 of 1st period - Shot by Matt Roy.
9:16 of 1st period - Stopped by Juuse Saros without a rebound.
9:17 of 1st period - Casey Cizikas wins face-off versus Ryan Nugent-Hopkins in SALEM BLACK JAYS zone.
9:44 of 1st period - Shot by Filip Chytil.
9:44 of 1st period - Deflect By Casey Cizikas.
9:44 of 1st period - Stopped by Marc-Andre Fleury without a rebound.
9:45 of 1st period - Mathew Barzal wins face-off versus Mikhail Grigorenko in LAS VEGAS LIZARD KINGS zone.
9:50 of 1st period - Shot by Mikko Rantanen.
9:50 of 1st period - Stopped by Marc-Andre Fleury without a rebound.
9:51 of 1st period - Mikhail Grigorenko wins face-off versus Maxime Comtois in LAS VEGAS LIZARD KINGS zone.
10:03 of 1st period - Shot by Matthew Nieto.
10:03 of 1st period - Shot Blocked by Ben Hutton.
10:09 of 1st period - Shot by Mikhail Grigorenko.
10:09 of 1st period - Stopped by Juuse Saros without a rebound.
10:10 of 1st period - Martin Necas wins face-off versus Johnny Gaudreau in SALEM BLACK JAYS zone.
10:55 of 1st period - Shot by Ryan Nugent-Hopkins.
10:55 of 1st period - Stopped by Juuse Saros without a rebound.
10:56 of 1st period - Sean Monahan wins face-off versus Mathew Barzal in SALEM BLACK JAYS zone.
11:22 of 1st period - Sean Monahan is hit by Maxime Comtois and loses puck.
12:20 of 1st period - Shot by Dylan Cozens.
12:20 of 1st period - Stopped by Marc-Andre Fleury without a rebound.
12:21 of 1st period - Martin Necas wins face-off versus Derek Ryan in LAS VEGAS LIZARD KINGS zone.
13:28 of 1st period - Shot by Mikko Rantanen.
13:28 of 1st period - Stopped by Marc-Andre Fleury without a rebound.
13:29 of 1st period - Dylan Cozens wins face-off versus Mikhail Grigorenko in LAS VEGAS LIZARD KINGS zone.
14:15 of 1st period - Minor Penalty to Ben Hutton for Elbowing.
14:16 of 1st period - Ryan Nugent-Hopkins wins face-off versus Matthew Calvert in SALEM BLACK JAYS zone.
14:27 of 1st period - Shot by Nino Niederreiter.
14:27 of 1st period - Shot Misses the Net.
16:21 of 1st period - Shot by Derek Ryan.
16:21 of 1st period - Stopped by Juuse Saros without a rebound.
16:22 of 1st period - Mathew Barzal wins face-off versus Derek Ryan in SALEM BLACK JAYS zone.
16:22 of 1st period - Mathew Barzal is hit by Barclay Goodrow.
17:34 of 1st period - Icing by Nick Jensen.
17:35 of 1st period - Martin Necas wins face-off versus Ryan Nugent-Hopkins in SALEM BLACK JAYS zone.
18:14 of 1st period - Shot by Ryan Nugent-Hopkins.
18:14 of 1st period - Shot Misses the Net.
18:16 of 1st period - Shot by Johnny Gaudreau.
18:16 of 1st period - Shot Misses the Net.
18:56 of 1st period - Shot by Mikko Rantanen.
18:56 of 1st period - Shot Misses the Net.
19:23 of 1st period - Icing by Matt Roy.
19:24 of 1st period - Casey Cizikas wins face-off versus Sean Monahan in LAS VEGAS LIZARD KINGS zone.
Goals for this period are 1 for SALEM BLACK JAYS vs 1 for LAS VEGAS LIZARD KINGS.
Shots for this period are 9 for SALEM BLACK JAYS vs 9 for LAS VEGAS LIZARD KINGS.

2nd period


0:01 of 2nd period - Mathew Barzal wins face-off versus Ryan Nugent-Hopkins in neutral zone.
0:10 of 2nd period - Shot by Mathew Barzal.
0:10 of 2nd period - Stopped by Marc-Andre Fleury without a rebound.
0:11 of 2nd period - Martin Necas wins face-off versus Dylan Gambrell in LAS VEGAS LIZARD KINGS zone.
0:42 of 2nd period - Shot by Martin Necas.
0:42 of 2nd period - Stopped by Marc-Andre Fleury without a rebound.
0:43 of 2nd period - Ryan Nugent-Hopkins wins face-off versus Mathew Barzal in LAS VEGAS LIZARD KINGS zone.
0:50 of 2nd period - Shot by Ryan Nugent-Hopkins.
0:50 of 2nd period - Stopped by Juuse Saros without a rebound.
0:51 of 2nd period - Ryan Nugent-Hopkins wins face-off versus Mathew Barzal in SALEM BLACK JAYS zone.
1:03 of 2nd period - Johnny Gaudreau is hit by Scott Mayfield and loses puck.
1:45 of 2nd period - Minor Penalty to Ryan Nugent-Hopkins for Interference.
1:45 of 2nd period - Minor Penalty to Nick Jensen for Hooking.
1:46 of 2nd period - Martin Necas wins face-off versus Sean Monahan in SALEM BLACK JAYS zone.
1:59 of 2nd period - Shot by Martin Necas.
1:59 of 2nd period - Stopped by Marc-Andre Fleury without a rebound.
2:00 of 2nd period - Sean Monahan wins face-off versus Mathew Barzal in LAS VEGAS LIZARD KINGS zone.
2:09 of 2nd period - Icing by Mikko Rantanen.
2:10 of 2nd period - Sean Monahan wins face-off versus Mathew Barzal in SALEM BLACK JAYS zone.
2:45 of 2nd period - Icing by Ben Hutton.
2:46 of 2nd period - Sean Monahan wins face-off versus Mathew Barzal in SALEM BLACK JAYS zone.
3:09 of 2nd period - Shot by Sean Monahan.
3:09 of 2nd period - Stopped by Juuse Saros without a rebound.
3:10 of 2nd period - Brandon Hagel wins face-off versus Martin Necas in SALEM BLACK JAYS zone.
3:24 of 2nd period - Icing by Johnny Gaudreau.
3:25 of 2nd period - Mathew Barzal wins face-off versus Brandon Hagel in LAS VEGAS LIZARD KINGS zone.
3:53 of 2nd period - Derek Ryan is hit by Nick Jensen.
4:23 of 2nd period - Mitchell Marner is hit by Barclay Goodrow and loses puck.
4:29 of 2nd period - Icing by Mitchell Marner.
4:30 of 2nd period - Sean Monahan wins face-off versus Martin Necas in SALEM BLACK JAYS zone.
4:52 of 2nd period - Shot by Brandon Hagel.
4:52 of 2nd period - Stopped by Juuse Saros with a rebound.
5:05 of 2nd period - Off-side.
5:06 of 2nd period - Mathew Barzal wins face-off versus Ryan Nugent-Hopkins in neutral zone.
5:21 of 2nd period - Shot by Maxime Comtois.
5:21 of 2nd period - Stopped by Marc-Andre Fleury with a rebound.
6:01 of 2nd period - Shot by Dylan Cozens.
6:01 of 2nd period - Stopped by Marc-Andre Fleury without a rebound.
6:02 of 2nd period - Dylan Cozens wins face-off versus Derek Ryan in LAS VEGAS LIZARD KINGS zone.
6:02 of 2nd period - Andreas Athanasiou is hit by Brayden McNabb and loses puck.
6:17 of 2nd period - Shot by Dylan Cozens.
6:17 of 2nd period - Deflect By Andreas Athanasiou.
6:17 of 2nd period - Shot Misses the Net.
6:33 of 2nd period - Shot by Barclay Goodrow.
6:33 of 2nd period - Shot Blocked by Andy Greene.
6:41 of 2nd period - Shot by Barclay Goodrow.
6:41 of 2nd period - Deflect By Derek Ryan.
6:41 of 2nd period - Shot Misses the Net.
6:43 of 2nd period - Shot by John Marino.
6:43 of 2nd period - Shot Misses the Net.
7:23 of 2nd period - Shot by Martin Necas.
7:23 of 2nd period - Stopped by Marc-Andre Fleury without a rebound.
7:24 of 2nd period - Ryan Nugent-Hopkins wins face-off versus Mathew Barzal in LAS VEGAS LIZARD KINGS zone.
8:27 of 2nd period - Shot by Evan Rodrigues.
8:27 of 2nd period - Stopped by Juuse Saros without a rebound.
8:28 of 2nd period - Derek Ryan wins face-off versus Martin Necas in SALEM BLACK JAYS zone.
8:37 of 2nd period - Shot by Derek Ryan.
8:37 of 2nd period - Shot Misses the Net.
8:39 of 2nd period - Shot by Derek Ryan.
8:39 of 2nd period - Shot Misses the Net.
8:49 of 2nd period - Shot by Barclay Goodrow.
8:49 of 2nd period - Stopped by Juuse Saros without a rebound.
8:50 of 2nd period - Sean Monahan wins face-off versus Troy Terry in SALEM BLACK JAYS zone.
8:53 of 2nd period - Shot by Brandon Hagel.
8:53 of 2nd period - Shot Misses the Net.
8:55 of 2nd period - Shot by Sean Monahan.
8:55 of 2nd period - Stopped by Juuse Saros with a rebound.
9:46 of 2nd period - Shot by Nino Niederreiter.
9:46 of 2nd period - Deflect By Ryan Nugent-Hopkins.
9:46 of 2nd period - Stopped by Juuse Saros with a rebound.
9:48 of 2nd period - Shot by Johnny Gaudreau.
9:48 of 2nd period - Stopped by Juuse Saros without a rebound.
9:49 of 2nd period - Martin Necas wins face-off versus Ryan Nugent-Hopkins in SALEM BLACK JAYS zone.
10:11 of 2nd period - Icing by Olli Maatta.
10:12 of 2nd period - Mathew Barzal wins face-off versus Ryan Nugent-Hopkins in LAS VEGAS LIZARD KINGS zone.
10:43 of 2nd period - Shot by Mikko Rantanen.
10:43 of 2nd period - Stopped by Marc-Andre Fleury without a rebound.
10:44 of 2nd period - Martin Necas wins face-off versus Barclay Goodrow in LAS VEGAS LIZARD KINGS zone.
10:47 of 2nd period - Shot by Mitchell Marner.
10:47 of 2nd period - Stopped by Marc-Andre Fleury with a rebound.
10:55 of 2nd period - Shot by Dylan Gambrell.
10:55 of 2nd period - Stopped by Juuse Saros without a rebound.
10:56 of 2nd period - Casey Cizikas wins face-off versus Sean Monahan in SALEM BLACK JAYS zone.
11:21 of 2nd period - Shot by Filip Chytil.
11:21 of 2nd period - Stopped by Marc-Andre Fleury without a rebound.
11:22 of 2nd period - Martin Necas wins face-off versus Ryan Nugent-Hopkins in LAS VEGAS LIZARD KINGS zone.
11:23 of 2nd period - Shot by Mitchell Marner.
11:23 of 2nd period - Stopped by Marc-Andre Fleury without a rebound.
11:24 of 2nd period - Martin Necas wins face-off versus Ryan Nugent-Hopkins in LAS VEGAS LIZARD KINGS zone.
11:35 of 2nd period - Mitchell Marner is hit by Johnny Gaudreau and loses puck.
11:50 of 2nd period - Mitchell Marner is hit by Nino Niederreiter and loses puck.
12:04 of 2nd period - Minor Penalty to Mitchell Marner for Hooking.
12:05 of 2nd period - Sean Monahan wins face-off versus Matthew Calvert in SALEM BLACK JAYS zone.
12:08 of 2nd period - Shot by Brandon Hagel.
12:08 of 2nd period - Stopped by Juuse Saros without a rebound.
12:09 of 2nd period - Theodor Blueger wins face-off versus Sean Monahan in SALEM BLACK JAYS zone.
13:00 of 2nd period - Sean Monahan is hit by Troy Terry and loses puck.
13:49 of 2nd period - Shot by Johnny Gaudreau.
13:49 of 2nd period - Deflect By Ryan Nugent-Hopkins.
13:49 of 2nd period - Stopped by Juuse Saros without a rebound.
13:50 of 2nd period - Theodor Blueger wins face-off versus Ryan Nugent-Hopkins in SALEM BLACK JAYS zone.
14:15 of 2nd period - Shot by Mathew Barzal.
14:15 of 2nd period - Shot Blocked by Barclay Goodrow.
14:20 of 2nd period - Minor Penalty to Olli Maatta for Roughing.
14:21 of 2nd period - Mathew Barzal wins face-off versus Derek Ryan in LAS VEGAS LIZARD KINGS zone.
14:31 of 2nd period - Mathew Barzal is hit by Nick Leddy.
15:28 of 2nd period - Andreas Athanasiou is hit by Kevan Miller and loses puck.
15:50 of 2nd period - Icing by Cody Ceci.
15:51 of 2nd period - Derek Ryan wins face-off versus Martin Necas in SALEM BLACK JAYS zone.
16:35 of 2nd period - Shot by Matthew Calvert.
16:35 of 2nd period - Shot Misses the Net.
16:45 of 2nd period - Shot by Filip Chytil.
16:45 of 2nd period - Goal by Filip Chytil - SALEM BLACK JAYS : 2 - LAS VEGAS LIZARD KINGS : 1.
16:46 of 2nd period - Sean Monahan wins face-off versus Mathew Barzal in neutral zone.
17:00 of 2nd period - Shot by Mathew Barzal.
17:00 of 2nd period - Deflect By Mikko Rantanen.
17:00 of 2nd period - Stopped by Marc-Andre Fleury without a rebound.
17:01 of 2nd period - Casey Cizikas wins face-off versus Ryan Nugent-Hopkins in LAS VEGAS LIZARD KINGS zone.
17:01 of 2nd period - Matthew Calvert is hit by Nick Leddy and loses puck.
17:05 of 2nd period - Matthew Calvert is hit by Nick Leddy and loses puck.
17:17 of 2nd period - Icing by Andy Greene.
17:18 of 2nd period - Brandon Hagel wins face-off versus Casey Cizikas in SALEM BLACK JAYS zone.
17:21 of 2nd period - Shot by Sean Monahan.
17:21 of 2nd period - Shot Misses the Net.
17:58 of 2nd period - Icing by Andy Greene.
17:59 of 2nd period - Ryan Nugent-Hopkins wins face-off versus Casey Cizikas in SALEM BLACK JAYS zone.
19:04 of 2nd period - Icing by Kevan Miller.
19:05 of 2nd period - Martin Necas wins face-off versus Derek Ryan in LAS VEGAS LIZARD KINGS zone.
Goals for this period are 1 for SALEM BLACK JAYS vs 0 for LAS VEGAS LIZARD KINGS.
Shots for this period are 12 for SALEM BLACK JAYS vs 11 for LAS VEGAS LIZARD KINGS.

3rd period


0:01 of 3rd period - Ryan Nugent-Hopkins wins face-off versus Maxime Comtois in neutral zone.
0:14 of 3rd period - Shot by Nino Niederreiter.
0:14 of 3rd period - Shot Misses the Net.
1:09 of 3rd period - Icing by Nick Leddy.
1:10 of 3rd period - Martin Necas wins face-off versus Derek Ryan in LAS VEGAS LIZARD KINGS zone.
1:33 of 3rd period - Icing by Mitchell Marner.
1:34 of 3rd period - Sean Monahan wins face-off versus Martin Necas in SALEM BLACK JAYS zone.
1:34 of 3rd period - Brandon Hagel is hit by Joshua Morrissey and loses puck.
1:59 of 3rd period - Shot by Martin Necas.
1:59 of 3rd period - Shot Misses the Net.
2:01 of 3rd period - Shot by Scott Mayfield.
2:01 of 3rd period - Stopped by Marc-Andre Fleury without a rebound.
2:02 of 3rd period - Dylan Cozens wins face-off versus Ryan Nugent-Hopkins in LAS VEGAS LIZARD KINGS zone.
2:42 of 3rd period - Off-side.
2:43 of 3rd period - Derek Ryan wins face-off versus Mathew Barzal in neutral zone.
2:46 of 3rd period - Shot by Barclay Goodrow.
2:46 of 3rd period - Shot Blocked by Nick Jensen.
2:53 of 3rd period - Mathew Barzal is hit by Nick Leddy and loses puck.
3:06 of 3rd period - Shot by Mathew Barzal.
3:06 of 3rd period - Stopped by Marc-Andre Fleury without a rebound.
3:07 of 3rd period - Sean Monahan wins face-off versus Martin Necas in LAS VEGAS LIZARD KINGS zone.
3:21 of 3rd period - Victor Olofsson is hit by Joshua Morrissey and loses puck.
3:34 of 3rd period - Shot by Brandon Hagel.
3:34 of 3rd period - Shot Misses the Net.
3:36 of 3rd period - Shot by Kevan Miller.
3:36 of 3rd period - Shot Misses the Net.
4:12 of 3rd period - Shot by Ryan Nugent-Hopkins.
4:12 of 3rd period - Deflect By Johnny Gaudreau.
4:12 of 3rd period - Stopped by Juuse Saros with a rebound.
4:14 of 3rd period - Shot by Ryan Nugent-Hopkins.
4:14 of 3rd period - Stopped by Juuse Saros without a rebound.
4:15 of 3rd period - Ryan Nugent-Hopkins wins face-off versus Dylan Cozens in SALEM BLACK JAYS zone.
4:15 of 3rd period - Johnny Gaudreau is hit by Ben Hutton and loses puck.
4:22 of 3rd period - Shot by Nino Niederreiter.
4:22 of 3rd period - Shot Misses the Net.
4:24 of 3rd period - Shot by Johnny Gaudreau.
4:24 of 3rd period - Shot Blocked by Andy Greene.
4:25 of 3rd period - Minor Penalty to Ben Hutton for Cross-checking.
4:26 of 3rd period - Ryan Nugent-Hopkins wins face-off versus Theodor Blueger in SALEM BLACK JAYS zone.
5:21 of 3rd period - Shot by Matthew Calvert.
5:21 of 3rd period - Shot Blocked by Ryan Nugent-Hopkins.
6:40 of 3rd period - Shot by Derek Ryan.
6:40 of 3rd period - Deflect By Dylan Gambrell.
6:40 of 3rd period - Stopped by Juuse Saros without a rebound.
6:41 of 3rd period - Sean Monahan wins face-off versus Mathew Barzal in SALEM BLACK JAYS zone.
7:37 of 3rd period - Shot by Troy Terry.
7:37 of 3rd period - Deflect By Andreas Athanasiou.
7:37 of 3rd period - Stopped by Marc-Andre Fleury with a rebound.
8:00 of 3rd period - Shot by Cody Ceci.
8:00 of 3rd period - Deflect By Troy Terry.
8:00 of 3rd period - Shot Misses the Net.
8:22 of 3rd period - Shot by Theodor Blueger.
8:22 of 3rd period - Shot Misses the Net.
8:24 of 3rd period - Shot by Mitchell Marner.
8:24 of 3rd period - Goal by Mitchell Marner - SALEM BLACK JAYS : 3 - LAS VEGAS LIZARD KINGS : 1.
8:25 of 3rd period - Derek Ryan wins face-off versus Casey Cizikas in neutral zone.
8:25 of 3rd period - Dylan Gambrell is hit by Matthew Calvert and loses puck.
8:30 of 3rd period - Joshua Morrissey is hit by Barclay Goodrow and loses puck.
8:39 of 3rd period - Shot by Dylan Gambrell.
8:39 of 3rd period - Stopped by Juuse Saros without a rebound.
8:40 of 3rd period - Mikhail Grigorenko wins face-off versus Martin Necas in SALEM BLACK JAYS zone.
8:51 of 3rd period - Shot by Evan Rodrigues.
8:51 of 3rd period - Stopped by Juuse Saros with a rebound.
8:56 of 3rd period - Major / Game Misconduct Penalty to Matthew Nieto for Attempt to injure.
8:56 of 3rd period - Matthew Nieto is ejected from game.
8:57 of 3rd period - Mathew Barzal wins face-off versus Derek Ryan in LAS VEGAS LIZARD KINGS zone.
9:52 of 3rd period - Matt Roy is hit by Mikko Rantanen and loses puck.
11:25 of 3rd period - Brayden McNabb is hit by Martin Necas and loses puck.
12:42 of 3rd period - Shot by Dylan Cozens.
12:42 of 3rd period - Shot Misses the Net.
12:44 of 3rd period - Shot by Maxime Comtois.
12:44 of 3rd period - Shot Misses the Net.
12:46 of 3rd period - Shot by Ben Hutton.
12:46 of 3rd period - Stopped by Marc-Andre Fleury with a rebound.
12:52 of 3rd period - Shot by Maxime Comtois.
12:52 of 3rd period - Shot Misses the Net.
14:13 of 3rd period - Minor Penalty to Brayden McNabb for Tripping.
14:14 of 3rd period - Mathew Barzal wins face-off versus Derek Ryan in LAS VEGAS LIZARD KINGS zone.
15:20 of 3rd period - Icing by Cody Ceci.
15:21 of 3rd period - Derek Ryan wins face-off versus Martin Necas in SALEM BLACK JAYS zone.
16:40 of 3rd period - Shot by Ryan Nugent-Hopkins.
16:40 of 3rd period - Shot Misses the Net.
18:22 of 3rd period - Mikko Rantanen is hit by Barclay Goodrow and loses puck.
18:43 of 3rd period - Shot by Dylan Gambrell.
18:43 of 3rd period - Stopped by Juuse Saros without a rebound.
18:44 of 3rd period - Martin Necas wins face-off versus Mikhail Grigorenko in SALEM BLACK JAYS zone.
Goals for this period are 1 for SALEM BLACK JAYS vs 0 for LAS VEGAS LIZARD KINGS.
Shots for this period are 5 for SALEM BLACK JAYS vs 6 for LAS VEGAS LIZARD KINGS.


DARCY
KUEMPER
JAKE
OETTINGER
NINO
NIEDERREITER

EAST COAST

HOCKEY LEAGUE

  • 1.CHI2QUE4
  • 2.LIM2CHA3
  • 3.LON3TRV5
  • 4.BAL5CHW6
  • 5.MANPIT
  • 6.NHWATL
  • 7.PETWOR
  • 8.RHI